 Dungeon Crawl Stone Soup version 0.24-a0-458-gfcb5e6da0e (webtiles) character file.

Game seed: 7478908725236351312

26119 KristoblXynda the Carver (level 12, 0/103 HPs)
             Began as a Yellow Draconian Gladiator on June 27, 2019.
             Was an Initiate of Gozag.
             Slain by a troll simulacrum (13 damage)
             ... in an ice cave.
             The game lasted 00:32:52 (17082 turns).

KristoblXynda the Carver (DrGl)                    Turns: 17082, Time: 00:32:53

Health: 0/103      AC: 12    Str: 17    XL:     12   Next: 95%
Magic:  22/22      EV: 21    Int: 13    God:    Gozag
Gold:   3353       SH:  2    Dex: 21    Spells: 17/25 levels left

rFire    . . .     SeeInvis .   E - +4 great sword (freeze) (curse)
rCold    . . .     Gourm    .   (shield currently unavailable)
rNeg     . . .     Faith    .   (armour unavailable)
rPois    .         Spirit   .   b - +1 hat
rElec    .         Reflect  +   F - scarf {cloud immunity}
rCorr    +         Harm     .   r - +2 pair of gloves {Dex+3}
MR       .....                  (no boots)
Stlth    ++........             g - +2 amulet of reflection
HPRegen  0.27/turn              i - +5 ring of dexterity
MPRegen  0.18/turn              y - ring of wizardry

@: short of breath, gold aura
A: spit acid, unfitting armour, cold-blooded, acid resistance, AC +8
a: Breathe Acid, Potion Petition, Call Merchant, Bribe Branch, Renounce Religion


You were in an ice cave.
You worshipped Gozag.
Gozag was most pleased with you.
You were not hungry.

You visited 3 branches of the dungeon, and saw 16 of its levels.
You also visited: Ossuary and Ice Cave.

You collected 3445 gold pieces.
You paid 92 gold pieces to Gozag.

Inventory:

Hand Weapons
 D - a +3 great sword of freezing
 E - a cursed +4 great sword of freezing (weapon)
Missiles
 c - 6 throwing nets (quivered)
Armour
 b - a +1 hat (worn)
 r - a +2 pair of gloves of dexterity (worn)
 F - a scarf of cloud immunity (worn)
Jewellery
 g - a +2 amulet of reflection (around neck)
 i - a +5 ring of dexterity (left hand)
 y - a ring of wizardry (right hand)
 A - an uncursed ring of stealth
Wands
 e - a wand of disintegration (2)
 x - a wand of iceblast (12)
Scrolls
 h - a scroll of teleportation
 j - 4 scrolls of remove curse
 m - 2 scrolls of immolation
 o - 7 scrolls of identify
 t - 3 scrolls of enchant armour
 u - 4 scrolls of amnesia
 w - 2 scrolls of enchant weapon
 C - a scroll of fog
 G - a scroll of blinking
Potions
 a - a potion of heal wounds
 f - 2 potions of lignification
 k - a potion of cancellation
 l - 2 potions of mutation
 n - 4 potions of brilliance
 p - 9 potions of flight
 q - 2 potions of ambrosia
 s - 6 potions of might
 z - 5 potions of curing
Comestibles
 d - 4 rations


   Skills:
 + Level 8.8 Fighting
 + Level 12.5 Long Blades
 - Level 2.0 Throwing
 - Level 10.0 Dodging
 + Level 7.0 Spellcasting
 - Level 9.0 Conjurations
 + Level 1.0 Earth Magic
 - Level 5.1 Evocations


You had 17 spell levels left.
You knew the following spells:

 Your Spells              Type           Power        Failure   Level  Hunger
a - Mephitic Cloud        Conj/Pois/Air  ##......     5%          3    ##.....
b - Borgnjor's Vile Clut  Necr/Erth      #.........   77%         5    ######.

Your spell library contained the following spells:

 Spells                   Type           Power        Failure   Level  Hunger
 Magic Dart               Conj           ####         1%          1    None
 Conjure Flame            Conj/Fire      ###.....     2%          3    ##.....
 Corona                   Hex            #......      6%          1    None
 Blink                    Tloc           N/A          9%          2    #......
 Call Imp                 Summ           #.......     9%          2    #......
 Ensorcelled Hibernation  Hex/Ice        #.....       9%          2    #......
 Slow                     Hex            #.......     9%          2    #......
 Inner Flame              Hex/Fire       #.......     17%         3    ##.....
 Portal Projectile        Hex/Tloc       #.....       17%         3    ##.....
 Leda's Liquefaction      Hex/Erth       #.........   43%         4    ####...
 Cause Fear               Hex            #.........   50%         4    ####...
 Silence                  Hex/Air        #.........   82%         5    ######.
 Darkness                 Hex            #.........   100%        6    #######
 Shadow Creatures         Summ           N/A          100%        6    #######


Dungeon Overview and Level Annotations

Branches:
Dungeon (12/15)            Temple (1/1) D:6            Lair (3/6) D:9
  Swamp (0/4) Lair:3
  Snake: Lair:2-4    Spider: Lair:2-4       Orc: D:9-12

Altars:
Ashenzari
Cheibriados
Dithmenos
Elyvilon
Fedhas
Gozag
Hepliaklqana
Kikubaaqudgha
Makhleb
Nemelex Xobeh
Okawaru
Qazlal
Ru
Sif Muna
Trog
Uskayaw
Vehumet
Wu Jian
Xom
Yredelemnul
Zin
The Shining One

Shops:
D:4 (   D:9 (

Annotations:
D:5 1 runed translucent door, hitsuchi's ghost, novice DDEE
D:8 2 transporters, pk666's ghost, novice DEWz
Lair:2 exclusion: oklob plant IceCv exclusion: ice statue


Innate Abilities, Weirdness & Mutations

You can spit globs of acid.
Your golden yellow scales are hard. (AC +8)
You cannot fit into any form of body armour.
You are cold-blooded and may be slowed by cold attacks.
You are resistant to acid. (rCorr)


Message History

Deactivating autopickup; reactivate with Ctrl-A.
The draconian simulacrum closely misses you.
You hit the draconian simulacrum.
The draconian simulacrum is heavily damaged.
The draconian simulacrum closely misses you.
You riposte.
You slice the draconian simulacrum!!
The draconian simulacrum vapourises!
You see here 3 gold pieces.
You hear some strange, mumbled words.
Your body is wracked with pain!
* * * LOW HITPOINT WARNING * * *
Something hits you but does no damage.
You see here 3 gold pieces.
You hit the troll simulacrum. You tail-slap the troll simulacrum.
The troll simulacrum is moderately damaged.
The troll simulacrum bites you!
* * * LOW HITPOINT WARNING * * *
The troll simulacrum freezes you!
You die...
Your body crumbles into a pile of gold.

## #.........#########. #
#...........# ##Zp $ $ . #
#..........[# #.ZZ# #. #
##.......#### #.Z.####ZZ ##
###...### #........Z .##
###..## ### #....8... ..#
##..#### ###.## #......#
..#
#...#..#####$Z$.#####....##
.##
###.....#.@Z$##...#.##..^#
## #####....######p.$...Z##
# ###### ##.##p### ######


You could see a naga simulacrum and a troll simulacrum.

Vanquished Creatures
  Snorg (D:10)
  Harold (D:8)
  A hydra (Lair:2)
  A two-headed ogre (D:11)
  Nergalle (D:11)
  Pikel (D:4)
  3 black mambas
  A gargoyle (D:10)
  2 spiny frogs
  4 komodo dragons
  10 freezing wraiths (IceCv)
  A kobold demonologist (D:8)
  2 ice devils (Lair:3)
  3 trolls (D:11)
  13 blink frogs
  A slime creature (D:12)
  2 hippogriffs
  Sigmund (D:4)
  A wyvern (D:10)
  A tarantella (shapeshifter) (D:10)
  3 wraiths
  16 yaks
  Grum (D:11)
  Eustachio (D:4)
  Menkaure (D:4)
  A hungry ghost (D:9)
  2 vampire mosquitoes (D:11)
  An acid dragon (D:11)
  3 water moccasins
  Duvessa (D:4)
  5 porcupines
  8 orc warriors
  7 ice beasts
  7 sky beasts
  An alligator simulacrum (IceCv)
  4 ogres
  10 wolves
  5 centaurs
  5 crocodiles
  4 big kobolds
  5 bullfrogs
  Dowan (D:4)
  2 scorpions (D:8)
  4 howler monkeys
  7 wights
  5 crimson imps
  3 draconian simulacra (IceCv)
  2 bullfrog zombies
  10 orc priests
  4 bullfrog skeletons
  2 hounds
  2 jellies
  9 orc wizards
  2 centaur skeletons
  4 iguanas
  A gnoll shaman (D:10)
  A polar bear simulacrum (IceCv)
  5 troll simulacra (IceCv)
  8 worker ants
  2 wolf simulacra (IceCv)
  A killer bee zombie (D:9)
  A spriggan simulacrum (IceCv)
  3 big kobold zombies (Ossuary)
  5 centaur simulacra (IceCv)
  3 hound zombies (Ossuary)
  A hound skeleton (D:8)
  4 mummies (Ossuary)
  A worker ant zombie (D:6)
  12 gnolls
  A howler monkey zombie (D:10)
  Robin (D:2)
  8 adders
  2 ogre simulacra (IceCv)
  A naga simulacrum (IceCv)
  12 white imps (IceCv)
  An adder skeleton (D:5)
  3 worms
  12 leopard geckos
  68 orcs
  9 giant cockroaches
  12 goblins
  10 hobgoblins
  8 jackals (D:1)
  4 quokkas
  A ball python (D:2)
  8 bats
  8 frilled lizards
  2 goblin zombies (Ossuary)
  A hobgoblin zombie (Ossuary)
  2 jackal skeletons
  29 kobolds
  2 kobold zombies (Ossuary)
  A leopard gecko zombie (D:8)
  An orc zombie (Ossuary)
  6 rats
460 creatures vanquished.

Vanquished Creatures (others)
  A deep elf mage (D:12)
  2 slaves (D:4)
  A howler monkey (D:4)
  A hound (D:4)
  An orc wizard (D:11)
  An orc (D:12)
  A kobold (D:12)
  5 fungi
  4 plants
17 creatures vanquished.

Grand Total: 477 creatures vanquished

Notes
Turn   | Place    | Note
-------+----------+-------------------------------------------
     0 | D:1      | KristoblXynda the Draconian Gladiator began the quest for
                  | the Orb.
     0 | D:1      | Reached XP level 1. HP: 17/17 MP: 1/1
   241 | D:1      | Reached XP level 2. HP: 25/25 MP: 2/2
   761 | D:1      | Reached XP level 3. HP: 17/30 MP: 3/3
  1267 | D:2      | Noticed Robin
  1310 | D:2      | Killed Robin
  1851 | D:2      | Reached XP level 4. HP: 14/38 MP: 4/4
  1967 | D:2      | Reached skill level 4 in Long Blades
  2602 | D:3      | Reached XP level 5. HP: 35/45 MP: 5/5
  2834 | D:4      | Noticed Sigmund
  2916 | D:4      | Killed Sigmund
  2916 | D:4      | Reached skill level 5 in Long Blades
  2916 | D:4      | Reached XP level 6. HP: 52/52 MP: 6/6
  3130 | D:4      | Noticed Menkaure
  3153 | D:4      | Killed Menkaure
  3294 | D:4      | Noticed Pikel
  3294 | D:4      | Noticed a slave
  3294 | D:4      | Noticed a slave
  3294 | D:4      | Noticed a slave
  3295 | D:4      | Noticed a slave
  3326 | D:4      | Killed Pikel
  3326 | D:4      | Reached skill level 5 in Fighting
  3326 | D:4      | Reached skill level 6 in Long Blades
  3326 | D:4      | Your scales start taking on a golden yellow colour.
  3326 | D:4      | Reached XP level 7. HP: 61/61 MP: 7/7
  3326 | D:4      | Gained mutation: You are resistant to acid. (rCorr) [Yellow
                  | Draconian growth]
  3532 | D:4      | Reached skill level 7 in Long Blades
  3559 | D:4      | Noticed Dowan
  3564 | D:4      | Noticed Duvessa
  3576 | D:4      | Noticed Eustachio
  3579 | D:4      | Killed Duvessa
  3579 | D:4      | Reached skill level 5 in Dodging
  3579 | D:4      | Reached skill level 1 in Evocations
  3579 | D:4      | Reached XP level 8. HP: 65/68 MP: 8/8
  3593 | D:4      | Killed Eustachio
  3607 | D:4      | Killed Dowan
  3903 | D:4      | Found Vugher's Weapon Boutique.
  4004 | D:5      | Entered Level 5 of the Dungeon
  4216 | D:5      | Reached skill level 8 in Long Blades
  4808 | D:5      | Found a runed translucent door.
  4808 | D:5      | Noticed hitsuchi's ghost (novice DDEE)
  4937 | D:6      | Found a staircase to the Ecumenical Temple.
  4942 | Temple   | Entered the Ecumenical Temple
  4990 | Temple   | Became a worshipper of Gozag Ym Sagoz the Greedy
  5052 | D:6      | Found a sand-covered staircase.
  5057 | Ossuary  | Entered an ossuary
  5098 | Ossuary  | Reached XP level 9. HP: 29/75 MP: 11/11
  5782 | D:6      | Learned a level 3 spell: Mephitic Cloud
  5863 | D:6      | Reached skill level 9 in Long Blades
  6725 | D:7      | Found a hide-covered altar of Uskayaw.
  6851 | D:7      | Reached skill level 1 in Conjurations
  6949 | D:7      | Found an iron altar of Okawaru.
  7115 | D:8      | Found a transporter.
  7142 | D:8      | Found a transporter.
  7143 | D:8      | Noticed pk666's ghost (novice DEWz)
  7652 | D:8      | Noticed a kobold demonologist
  7664 | D:8      | Killed a kobold demonologist
  7733 | D:8      | Noticed Harold
  7757 | D:8      | Killed Harold
  7757 | D:8      | Reached skill level 5 in Evocations
  7757 | D:8      | Reached XP level 10. HP: 27/86 MP: 13/13
  8593 | D:9      | Found a staircase to the Lair.
  8830 | D:9      | Found Yrrimn's Antique Weapon Shop.
  8958 | D:9      | Reached skill level 10 in Long Blades
  9462 | D:10     | Entered Level 10 of the Dungeon
  9907 | D:10     | Reached skill level 1 in Spellcasting
  9917 | D:10     | Reached skill level 5 in Conjurations
 10110 | D:10     | Noticed Snorg
 10324 | D:10     | Killed Snorg
 10324 | D:10     | Reached XP level 11. HP: 88/94 MP: 14/14
 10819 | D:11     | Noticed a two-headed ogre
 10824 | D:11     | Killed a two-headed ogre
 10831 | D:11     | Noticed Nergalle
 10836 | D:11     | Killed Nergalle
 10904 | D:11     | Reached skill level 11 in Long Blades
 11506 | D:11     | Noticed Grum
 11525 | D:11     | Killed Grum
 11990 | D:12     | Noticed a deep elf mage
 12049 | D:12     | Killed a deep elf mage
 12138 | D:12     | Noticed a death knight
 12419 | Lair:1   | Entered Level 1 of the Lair of Beasts
 12435 | Lair:1   | Learned a level 5 spell: Borgnjor's Vile Clutch
 12481 | Lair:1   | Reached skill level 5 in Spellcasting
 12842 | Lair:1   | Reached XP level 12. HP: 23/101 MP: 19/19
 13865 | Lair:2   | Noticed a five-headed hydra
 13872 | Lair:2   | Killed a five-headed hydra
 14105 | Lair:2   | Reached skill level 12 in Long Blades
 15001 | Lair:3   | Found a staircase to the Swamp.
 15028 | Lair:3   | Reached skill level 10 in Dodging
 15184 | Lair:3   | Found a frozen archway.
 15204 | IceCv    | Entered an ice cave
 16431 | IceCv    | Found an ancient bone altar of Kikubaaqudgha.
 17074 | IceCv    | Reached skill level 1 in Earth Magic
 17082 | IceCv    | Slain by a troll simulacrum

Levels and vault maps discovered:
D:1:      ncdulo_wetmaze, layout_basic, minmay_close_crescents
D:2:      layout_loops_ring, uniq_robin
D:3:      layout_basic, serial_park_tiny_pond
D:4:      layout_basic, serial_shops, shop, first_ration, uniq_duvessa,
          uniq_pikel, uniq_menkaure, uniq_eustachio, uniq_sigmund
D:5:      layout_rooms, gammafunk_ghost_grave, grunt_tough_drop
D:6:      kennysheep_kobold_camp, layout_basic, minmay_temple_entry_wispy,
          gup_sewer_entry_pipe, serial_rivers, chequers_serial_rivers_micro_a,
          chequers_serial_rivers_micro_e, chequers_serial_rivers_small_3,
          chequers_serial_rivers_room_a, chequers_serial_rivers_marsh,
          chequers_serial_rivers_micro_e, enter_ossuary_5
D:7:      layout_basic, kennysheep_mini, basic_altar
D:8:      layout_loops_corners, special_room [special_room_orc],
          gammafunk_ghost_mausoleum, uniq_harold
D:9:      layout_gridville, lair_entry_dummy, serial_shops, shop
D:10:     layout_roguey, uniq_snorg
D:11:     layout_rooms, uniq_grum, uniq_nergalle
D:12:     layout_loops_ring, orc_0_dummy, basic_altar, hangedman_stone_soup
Temple:   kilobyte_greek_temple
Lair:1:   layout_loops_ring
Lair:2:   layout_regular_city, grunt_megastairs_1
Lair:3:   layout_loops_ring, swamp_mist_pool, portal_ice_cave_demonic_guard,
          infiniplex_staircase_pool_2, lemuel_fruit_fields, grunt_megastairs_5
IceCv:    ice_cave_small_necro

Skill      XL: |  1  2  3  4  5  6  7  8  9 10 11 12 |
---------------+-------------------------------------+-----
Throwing       | 2 |  2.0
Dodging        | 3 4 5 6 8 9 10 | 10.0
Fighting       | 3 4 5 7 8 |  8.8
Long Blades    | 4 5 6 7 8 9 10 11 12 | 12.5
Evocations     | 1 3 5 |  5.1
Conjurations   | 3 5 7 9 |  9.0
Spellcasting   | 2 5 7 |  7.0
Earth Magic    | 1 |  1.0

Action                   |  1- 3 |  4- 6 |  7- 9 | 10-12 || total
-------------------------+-------+-------+-------+-------++-------
Melee: Long sword        |   142 |   155 |   482 |   132 ||   911
       Tailslap          |    14 |    19 |   103 |   147 ||   283
       Great sword       |       |       |       |   466 ||   466
Throw: Dart              |       |    17 |       |       ||    17
 Cast: Mephitic Cloud    |       |       |       |     5 ||     5
Invok: Potion Petition   |       |       |     1 |       ||     1
 Abil: Breathe Acid      |       |       |    19 |    38 ||    57
Evoke: Wand              |       |       |     3 |    12 ||    15
  Use: Potion            |     1 |     4 |     2 |     7 ||    14
       Scroll            |       |     6 |    15 |     7 ||    28
 Stab: Sleeping          |     2 |     1 |     2 |     8 ||    13
       Distracted        |       |       |     3 |     3 ||     6
       Confused          |       |       |       |     7 ||     7
  Eat: Chunk             |     3 |     3 |     1 |       ||     7
       Ration            |       |     1 |     5 |    11 ||    17
Armor: Skin              |    63 |    84 |   180 |   174 ||   501
Dodge: Dodged            |   103 |    63 |   340 |   609 ||  1115
Block: Other             |       |     5 |    28 |    48 ||    81
       Rpst.: Long sword |    24 |    20 |    96 |    21 ||   161
       Great sword       |       |       |       |   137 ||   137

Table legend:
 A = Non-vault XP
 B = Vault XP
 C = Vault XP percentage of total XP
 D = Non-vault monster count
 E = Vault monster count
 F = Vault count percentage of total count
                 A         B        C        D         E       F
            +---------+---------+-------+---------+---------+-------
      Total |   22193 |   15120 |  40.5 |     304 |     158 |  34.2
            +---------+---------+-------+---------+---------+-------
        D:1 |      40 |       7 |  14.9 |      25 |       3 |  10.7
        D:2 |      30 |      36 |  54.5 |      10 |      12 |  54.5
        D:3 |     102 |       0 |   0.0 |      20 |       0 |   0.0
        D:4 |     280 |    1232 |  81.5 |      22 |       6 |  21.4
        D:5 |     538 |      76 |  12.4 |      16 |       2 |  11.1
        D:6 |     692 |     145 |  17.3 |      21 |      29 |  58.0
        D:7 |     452 |       0 |   0.0 |      14 |       0 |   0.0
        D:8 |    1473 |    1327 |  47.4 |      28 |      21 |  42.9
        D:9 |    1179 |       0 |   0.0 |      19 |       0 |   0.0
       D:10 |    3481 |    1073 |  23.6 |      37 |       1 |   2.6
       D:11 |    5201 |    1478 |  22.1 |      44 |       6 |  12.0
       D:12 |     568 |     404 |  41.6 |       6 |       1 |  14.3
     Temple |       3 |       0 |   0.0 |       1 |       0 |   0.0
     Lair:1 |    3341 |       0 |   0.0 |      15 |       0 |   0.0
     Lair:2 |    3569 |    2700 |  43.1 |      16 |       8 |  33.3
     Lair:3 |    1244 |    1273 |  50.6 |      10 |       4 |  28.6
    Ossuary |       0 |     218 | 100.0 |       0 |      16 | 100.0
      IceCv |       0 |    5151 | 100.0 |       0 |      49 | 100.0
            +---------+---------+-------+---------+---------+-------
